General information
- name: BNet
- type: Ladder team game (AT/RT)
- host: Battle.net
- saver: SKYBOT.D
map: FullScaleAssault
- players: 8
- length: 57:13
- speed: Fast
- version: 1.26 W3XP
- replay type: Public
» download(274 KB)
Players
team 1 (loser)

»
Celebrieigil (
teal | 32 APM | 1807 actions | 56:22)
9 Demon Hunter
3 Immolation
3 Evasion
1 Metamorphosis
2 Mana Burn
6 Warden
3 Fan of Knives
1 Blink
1 Shadow Strike
1 Spirit of Vengeance
» actions
| Assign group hotkey | 75 | |
| Build / train | 107 | |
| Enter build submenu | 34 | |
| Enter hero's abilities submenu | 15 | |
| Give item / drop item | 5 | |
| Remove unit from queue | 5 | |
| Right click | 627 | |
| Select / deselect | 323 | |
| Select group hotkey | 506 | |
| Use ability | 110 | |
1807 total
» units
| Wisp | 33 | |
| Archer | 6 | |
| Huntress | 3 | |
| Goblin Zeppelin | 1 | |
| Hippogryph | 22 | |
| Chimaera | 5 | |
70 total
» upgrades
| Strength of the Wild | 2 | |
| Reinforced Hides | 2 | |
| Corrosive Breath | 1 | |
5 total
» buildings
| Moon Well | 15 | |
| Altar of Elders | 1 | |
| Ancient of War | 2 | |
| Hunter's Hall | 1 | |
| Ancient of Wonders | 1 | |
| Tree of Ages | 1 | |
| Tree of Life | 9 | |
| Tree of Eternity | 1 | |
| Ancient of Wind | 2 | |
| Chimaera Roost | 3 | |
36 total
» build order
00:21 Moon Well
00:28 Moon Well
01:05 Altar of Elders
01:18 Ancient of War
01:54 Ancient of War
02:12 Moon Well
03:42 Hunter's Hall
03:54 Ancient of Wonders
04:19 Tree of Ages
05:47 Moon Well
05:53 Tree of Life
06:58 Tree of Eternity
07:39 Ancient of Wind
08:56 Ancient of Wind
09:38 Chimaera Roost
09:44 Chimaera Roost
09:50 Chimaera Roost
13:39 Tree of Life
13:48 Moon Well
14:56 Moon Well
16:44 Moon Well
17:54 Moon Well
20:26 Tree of Life
24:37 Tree of Life
24:45 Tree of Life
27:26 Tree of Life
29:02 Moon Well
29:31 Moon Well
30:12 Moon Well
31:09 Tree of Life
31:19 Moon Well
32:01 Moon Well
34:30 Tree of Life
39:52 Tree of Life
47:15 Moon Well
50:54 Moon Well
» items
| Scroll of Town Portal | 3 | |
| Orb of Venom | 1 | |
| Potion of Healing | 1 | |
| Anti-magic Potion | 1 | |
| Moonstone | 1 | |
| Potion of Lesser Invulnerability | 1 | |
8 total

»
miniraeace (
red | 27 APM | 1497 actions | 55:02)
7 Naga Sea Witch
3 Forked Lightning
3 Frost Arrows
1 Tornado
» actions
| Basic commands | 2 | |
| Build / train | 90 | |
| Enter build submenu | 36 | |
| Enter hero's abilities submenu | 7 | |
| Give item / drop item | 2 | |
| Right click | 569 | |
| Select / deselect | 616 | |
| Use ability | 175 | |
1497 total
» units
| Wisp | 32 | |
| Druid of the Claw | 9 | |
| Dryad | 15 | |
56 total
» upgrades
| Reinforced Hides | 3 | |
| Strength of the Wild | 3 | |
| Druid of the Claw Training | 2 | |
| Abolish Magic | 1 | |
| Mark of the Claw | 1 | |
| Nature's Blessing | 1 | |
| Ultravision | 1 | |
| Well Spring | 1 | |
13 total
» buildings
| Moon Well | 15 | |
| Altar of Elders | 3 | |
| Hunter's Hall | 1 | |
| Tree of Ages | 1 | |
| Ancient of Wonders | 1 | |
| Tree of Eternity | 1 | |
| Ancient of Lore | 3 | |
| Ancient Protector | 5 | |
| Tree of Life | 2 | |
32 total
» build order
00:15 Moon Well
01:26 Altar of Elders
01:55 Hunter's Hall
02:32 Moon Well
02:36 Tree of Ages
02:44 Ancient of Wonders
03:12 Moon Well
03:20 Moon Well
04:58 Tree of Eternity
05:02 Ancient of Lore
05:06 Ancient of Lore
09:35 Moon Well
11:26 Moon Well
11:32 Ancient Protector
11:34 Ancient Protector
12:41 Tree of Life
12:44 Ancient Protector
13:25 Moon Well
14:38 Moon Well
15:57 Ancient of Lore
20:56 Ancient Protector
20:59 Ancient Protector
30:49 Moon Well
35:31 Altar of Elders
35:34 Moon Well
36:38 Moon Well
36:42 Moon Well
37:13 Moon Well
39:04 Moon Well
39:14 Altar of Elders
39:25 Moon Well
48:51 Tree of Life
» items
| Potion of Healing | 1 | |
| Lesser Clarity Potion | 1 | |
| Boots of Speed | 1 | |
| Scroll of Town Portal | 2 | |
| Periapt of Vitality | 3 | |
| Staff of Teleportation | 1 | |
9 total
SKYBOT.D (
pink | 51 APM | 2897 actions | 57:13)
9 Tauren Chieftain
3 War Stomp
3 Endurance Aura
2 Shockwave
1 Reincarnation
» actions
| Assign group hotkey | 33 | |
| Basic commands | 74 | |
| Build / train | 83 | |
| Enter build submenu | 24 | |
| Enter hero's abilities submenu | 10 | |
| Give item / drop item | 4 | |
| Remove unit from queue | 5 | |
| Right click | 1282 | |
| Select / deselect | 327 | |
| Select group hotkey | 711 | |
| Use ability | 344 | |
2897 total
» units
| Peon | 21 | |
| Grunt | 4 | |
| Goblin Shredder | 2 | |
| Goblin Zeppelin | 2 | |
| Wind Rider | 1 | |
| Troll Batrider | 2 | |
| Goblin Sapper | 13 | |
| Raider | 2 | |
47 total
» upgrades
| Reinforced Defenses | 1 | |
| Ranged Weapons | 3 | |
| Armor | 3 | |
| Envenomed Spears | 1 | |
8 total
» buildings
| Altar of Storms | 1 | |
| Orc Burrow | 6 | |
| Barracks | 1 | |
| Voodoo Lounge | 1 | |
| Stronghold | 2 | |
| Great Hall | 4 | |
| War Mill | 1 | |
| Fortress | 1 | |
| Watch Tower | 26 | |
| Beastiary | 5 | |
48 total
» build order
00:07 Altar of Storms
00:19 Orc Burrow
00:38 Barracks
01:24 Orc Burrow
01:56 Voodoo Lounge
02:56 Stronghold
03:34 Orc Burrow
05:00 Great Hall
05:49 War Mill
06:06 Fortress
06:42 Orc Burrow
07:09 Watch Tower
07:09 Watch Tower
07:11 Watch Tower
07:13 Watch Tower
07:39 Watch Tower
07:47 Beastiary
08:11 Beastiary
09:20 Great Hall
10:08 Orc Burrow
10:13 Beastiary
10:16 Orc Burrow
11:59 Watch Tower
12:00 Watch Tower
12:00 Watch Tower
12:02 Watch Tower
12:02 Watch Tower
12:03 Watch Tower
13:23 Watch Tower
13:23 Watch Tower
13:24 Watch Tower
13:24 Watch Tower
13:25 Watch Tower
13:26 Watch Tower
13:26 Watch Tower
13:27 Watch Tower
13:28 Watch Tower
13:53 Beastiary
18:15 Watch Tower
18:15 Watch Tower
18:16 Watch Tower
18:17 Watch Tower
18:18 Watch Tower
18:19 Watch Tower
20:01 Stronghold
23:05 Great Hall
24:20 Great Hall
24:30 Beastiary
» items
| Healing Salve | 1 | |
| Potion of Invisibility | 1 | |
| Tome of Retraining | 1 | |
| Staff of Teleportation | 1 | |
| Orb of Lightning | 1 | |
| Scroll of Town Portal | 1 | |
6 total

»
irish2015 (
green | 20 APM | 992 actions | 48:52)
7 Death Knight
3 Death Coil
3 Unholy Aura
1 Animate Dead
» actions
| Basic commands | 4 | |
| Build / train | 54 | |
| Enter build submenu | 21 | |
| Enter hero's abilities submenu | 7 | |
| Give item / drop item | 1 | |
| Right click | 374 | |
| Select / deselect | 488 | |
| Use ability | 40 | |
992 total
» units
| Acolyte | 17 | |
| Ghoul | 3 | |
| Crypt Fiend | 12 | |
| Frost Wyrm | 2 | |
34 total
» upgrades
| Creature Attack | 3 | |
| Creature Carapace | 3 | |
| Web | 1 | |
| Freezing Breath | 1 | |
8 total
» buildings
| Graveyard | 1 | |
| Ziggurat | 13 | |
| Crypt | 2 | |
| Altar of Darkness | 1 | |
| Halls of the Dead | 1 | |
| Black Citadel | 1 | |
| Sacrificial Pit | 1 | |
| Boneyard | 2 | |
| Spirit Tower | 2 | |
| Necropolis | 1 | |
25 total
» build order
00:45 Graveyard
00:49 Ziggurat
00:52 Crypt
00:56 Altar of Darkness
01:36 Crypt
01:43 Ziggurat
04:31 Halls of the Dead
04:38 Ziggurat
06:23 Ziggurat
08:15 Ziggurat
08:16 Ziggurat
09:19 Ziggurat
09:45 Black Citadel
11:39 Ziggurat
11:41 Ziggurat
11:43 Ziggurat
12:38 Sacrificial Pit
14:59 Boneyard
15:01 Boneyard
16:10 Spirit Tower
16:49 Spirit Tower
19:22 Ziggurat
19:30 Ziggurat
20:29 Ziggurat
24:56 Necropolis
team 2 (winner)

»
Clown_Lotion (
blue | 47 APM | 1112 actions | 23:26)
5 Mountain King
3 Storm Bolt
1 Bash
1 Thunder Clap
4 Paladin
2 Holy Light
2 Divine Shield
» actions
| Assign group hotkey | 30 | |
| Basic commands | 1 | |
| Build / train | 83 | |
| Enter build submenu | 31 | |
| Enter hero's abilities submenu | 9 | |
| Right click | 402 | |
| Select / deselect | 335 | |
| Select group hotkey | 167 | |
| Use ability | 54 | |
1112 total
» units
| Peasant | 16 | |
| Footman | 5 | |
| Goblin Shredder | 3 | |
| Priest | 12 | |
| Knight | 14 | |
| Siege Engine | 6 | |
56 total
» upgrades
| Priest Training | 2 | |
| Gunpowder | 1 | |
| Swords | 2 | |
| Barrage | 1 | |
| Animal War Training | 1 | |
| Lumber Harvesting | 2 | |
| Plating | 1 | |
10 total
» buildings
| Altar of Kings | 1 | |
| Farm | 12 | |
| Barracks | 4 | |
| Scout Tower | 6 | |
| Arcane Tower | 1 | |
| Keep | 1 | |
| Lumber Mill | 1 | |
| Blacksmith | 1 | |
| Arcane Vault | 1 | |
| Town Hall | 1 | |
| Arcane Sanctum | 1 | |
| Castle | 1 | |
| Workshop | 1 | |
| Guard Tower | 3 | |
35 total
» build order
00:08 Altar of Kings
00:20 Farm
00:35 Barracks
00:58 Farm
01:52 Scout Tower
02:24 Arcane Tower
03:11 Farm
03:14 Keep
03:44 Lumber Mill
04:01 Blacksmith
04:07 Arcane Vault
05:32 Farm
06:59 Town Hall
07:04 Scout Tower
07:13 Arcane Sanctum
07:15 Castle
07:34 Barracks
07:39 Barracks
07:44 Workshop
08:05 Scout Tower
08:47 Barracks
10:26 Guard Tower
10:38 Farm
11:22 Farm
11:35 Scout Tower
11:46 Farm
12:20 Farm
13:01 Guard Tower
13:30 Farm
13:43 Scout Tower
15:22 Scout Tower
15:24 Guard Tower
15:44 Farm
16:24 Farm
20:36 Farm

»
Gillman (
purple | 25 APM | 581 actions | 23:40)
5 Demon Hunter
2 Immolation
3 Evasion
» actions
| Basic commands | 9 | |
| Build / train | 77 | |
| Enter build submenu | 26 | |
| Enter hero's abilities submenu | 5 | |
| Give item / drop item | 2 | |
| Right click | 172 | |
| Select / deselect | 242 | |
| Use ability | 48 | |
581 total
» units
| Wisp | 22 | |
| Archer | 5 | |
| Hippogryph | 18 | |
| Goblin Shredder | 1 | |
| Chimaera | 14 | |
60 total
» upgrades
| Strength of the Wild | 3 | |
| Reinforced Hides | 3 | |
| Corrosive Breath | 1 | |
7 total
» buildings
| Altar of Elders | 1 | |
| Moon Well | 8 | |
| Ancient of War | 1 | |
| Tree of Ages | 1 | |
| Tree of Life | 1 | |
| Hunter's Hall | 1 | |
| Ancient Protector | 5 | |
| Tree of Eternity | 1 | |
| Ancient of Wind | 2 | |
| Chimaera Roost | 4 | |
| Ancient of Wonders | 1 | |
26 total
» build order
00:10 Altar of Elders
00:24 Moon Well
00:37 Ancient of War
01:28 Moon Well
03:42 Tree of Ages
04:06 Tree of Life
04:20 Hunter's Hall
05:31 Ancient Protector
05:36 Ancient Protector
06:07 Tree of Eternity
06:11 Ancient of Wind
06:35 Ancient Protector
06:54 Ancient Protector
07:43 Moon Well
08:44 Chimaera Roost
08:49 Chimaera Roost
09:42 Chimaera Roost
09:50 Chimaera Roost
10:13 Moon Well
10:21 Moon Well
11:05 Ancient of Wonders
11:24 Moon Well
11:30 Moon Well
12:25 Moon Well
13:31 Ancient Protector
18:03 Ancient of Wind
» items
| Boots of Speed | 1 | |
| Scroll of Town Portal | 1 | |
2 total
Flamechamp (
yellow | 90 APM | 5137 actions | 57:13)
9 Archmage
3 Summon Water Elemental
3 Brilliance Aura
2 Blizzard
1 Mass Teleport
10 Blood Mage
3 Flame Strike
3 Banish
1 Summon Phoenix
3 Siphon Mana
» actions
| Assign group hotkey | 64 | |
| Basic commands | 75 | |
| Build / train | 230 | |
| ESC pressed | 5 | |
| Enter build submenu | 84 | |
| Enter hero's abilities submenu | 22 | |
| Give item / drop item | 13 | |
| Right click | 2211 | |
| Select / deselect | 692 | |
| Select group hotkey | 1098 | |
| Use ability | 643 | |
5137 total
» units
| Peasant | 14 | |
| Footman | 7 | |
| Goblin Shredder | 5 | |
| Goblin Zeppelin | 6 | |
| Gryphon Rider | 6 | |
| Sorceress | 1 | |
| Blue Dragon | 9 | |
| Dragonhawk Rider | 2 | |
| Goblin Sapper | 6 | |
| Mortar Team | 3 | |
59 total
» upgrades
| Swords | 3 | |
| Armor | 3 | |
| Masonry | 1 | |
| Sorceress Training | 2 | |
| Storm Hammers | 1 | |
| Cloud | 1 | |
| Magic Sentry | 1 | |
| Animal War Training | 1 | |
| Gunpowder | 1 | |
| Fragmentation Shards | 1 | |
| Flare | 1 | |
16 total
» buildings
| Altar of Kings | 1 | |
| Barracks | 1 | |
| Farm | 12 | |
| Arcane Vault | 2 | |
| Town Hall | 8 | |
| Keep | 2 | |
| Blacksmith | 1 | |
| Lumber Mill | 1 | |
| Scout Tower | 58 | |
| Guard Tower | 64 | |
| Castle | 4 | |
| Gryphon Aviary | 6 | |
| Arcane Sanctum | 1 | |
| Workshop | 2 | |
| Arcane Tower | 3 | |
| Cannon Tower | 3 | |
169 total
» build order
00:46 Altar of Kings
00:49 Barracks
00:51 Farm
01:05 Farm
01:24 Farm
01:55 Arcane Vault
02:08 Farm
02:53 Farm
04:04 Town Hall
05:10 Keep
05:10 Keep
05:44 Farm
06:20 Blacksmith
07:48 Lumber Mill
08:23 Scout Tower
08:28 Scout Tower
09:44 Guard Tower
09:45 Guard Tower
09:47 Scout Tower
09:48 Scout Tower
09:49 Scout Tower
09:50 Scout Tower
09:52 Scout Tower
09:53 Scout Tower
09:53 Scout Tower
09:54 Scout Tower
09:56 Scout Tower
09:57 Scout Tower
10:03 Castle
10:04 Castle
11:24 Guard Tower
11:24 Guard Tower
11:47 Gryphon Aviary
11:48 Gryphon Aviary
12:41 Town Hall
12:58 Scout Tower
13:00 Scout Tower
13:00 Scout Tower
13:02 Scout Tower
13:02 Scout Tower
13:07 Scout Tower
13:11 Arcane Sanctum
13:24 Scout Tower
13:25 Scout Tower
13:26 Scout Tower
13:27 Scout Tower
13:32 Scout Tower
13:34 Scout Tower
13:35 Scout Tower
13:38 Scout Tower
13:40 Guard Tower
13:41 Guard Tower
14:32 Guard Tower
14:33 Guard Tower
17:23 Guard Tower
17:23 Guard Tower
19:44 Gryphon Aviary
19:58 Gryphon Aviary
20:32 Gryphon Aviary
20:33 Gryphon Aviary
24:44 Farm
25:07 Guard Tower
25:08 Guard Tower
25:08 Guard Tower
25:15 Guard Tower
25:15 Guard Tower
25:21 Farm
26:14 Town Hall
26:15 Scout Tower
26:16 Scout Tower
26:17 Scout Tower
26:18 Scout Tower
26:19 Scout Tower
27:26 Guard Tower
27:26 Guard Tower
27:29 Town Hall
27:32 Scout Tower
27:33 Scout Tower
27:33 Scout Tower
27:35 Scout Tower
28:27 Arcane Vault
30:41 Guard Tower
30:41 Guard Tower
30:45 Workshop
30:46 Workshop
31:04 Farm
31:31 Scout Tower
31:32 Scout Tower
31:33 Scout Tower
31:35 Scout Tower
31:37 Scout Tower
31:38 Scout Tower
31:39 Scout Tower
31:39 Scout Tower
31:41 Scout Tower
32:03 Guard Tower
32:04 Guard Tower
32:04 Guard Tower
32:04 Guard Tower
32:05 Guard Tower
32:05 Guard Tower
33:04 Guard Tower
33:04 Guard Tower
33:04 Guard Tower
33:07 Guard Tower
33:07 Guard Tower
33:30 Scout Tower
33:33 Scout Tower
34:19 Guard Tower
34:20 Guard Tower
34:20 Guard Tower
34:21 Guard Tower
34:21 Guard Tower
34:31 Farm
35:50 Farm
36:59 Town Hall
42:58 Town Hall
44:04 Scout Tower
44:05 Scout Tower
44:06 Scout Tower
44:07 Scout Tower
44:09 Scout Tower
44:09 Scout Tower
45:00 Farm
45:01 Scout Tower
45:08 Arcane Tower
45:09 Arcane Tower
45:38 Cannon Tower
45:38 Cannon Tower
45:38 Cannon Tower
48:41 Town Hall
48:43 Scout Tower
48:44 Scout Tower
48:45 Scout Tower
48:46 Scout Tower
48:50 Town Hall
48:52 Scout Tower
49:23 Guard Tower
49:23 Guard Tower
49:38 Guard Tower
49:39 Guard Tower
50:40 Guard Tower
» items
| Scroll of Regeneration | 9 | |
| Mechanical Critter | 2 | |
| Staff of Teleportation | 2 | |
| Boots of Speed | 1 | |
| Periapt of Vitality | 1 | |
| Potion of Invisibility | 2 | |
| Tome of Retraining | 1 | |
| Potion of Lesser Invulnerability | 2 | |
| Lesser Clarity Potion | 2 | |
| Scroll of Town Portal | 3 | |
| Ivory Tower | 4 | |
| Potion of Healing | 1 | |
30 total
balding (
orange | 30 APM | 697 actions | 23:29)
3 Death Knight
2 Death Coil
1 Unholy Aura
2 Dreadlord
1 Sleep
1 Vampiric Aura
» actions
| Assign group hotkey | 60 | |
| Build / train | 60 | |
| ESC pressed | 1 | |
| Enter build submenu | 14 | |
| Enter hero's abilities submenu | 5 | |
| Right click | 381 | |
| Select / deselect | 95 | |
| Select group hotkey | 58 | |
| Use ability | 23 | |
697 total
» units
| Acolyte | 2 | |
| Ghoul | 4 | |
| Crypt Fiend | 22 | |
28 total
» upgrades
| Web | 1 | |
| Creature Attack | 3 | |
| Creature Carapace | 3 | |
7 total
» buildings
| Graveyard | 1 | |
| Crypt | 1 | |
| Ziggurat | 7 | |
| Altar of Darkness | 1 | |
| Nerubian Tower | 4 | |
| Halls of the Dead | 1 | |
| Spirit Tower | 6 | |
| Tomb of Relics | 1 | |
| Black Citadel | 1 | |
23 total
» build order
00:16 Graveyard
00:21 Crypt
00:45 Ziggurat
00:59 Ziggurat
01:13 Ziggurat
01:56 Altar of Darkness
02:35 Nerubian Tower
03:35 Halls of the Dead
05:15 Ziggurat
06:47 Ziggurat
06:54 Ziggurat
10:13 Spirit Tower
10:13 Spirit Tower
10:14 Spirit Tower
10:24 Tomb of Relics
12:05 Spirit Tower
12:12 Ziggurat
12:19 Black Citadel
13:30 Spirit Tower
17:52 Spirit Tower
17:54 Nerubian Tower
17:54 Nerubian Tower
» items
| Scroll of Town Portal | 2 | |
| Periapt of Vitality | 1 | |
| Orb of Fire | 1 | |
4 total
Chat log
(00:30 / Allies) miniraeace: so
(00:52 / Allies) SKYBOT.D: i am the aa man
(01:02 / Allies) irish2015: ty red
(01:05 / Allies) miniraeace: bears dryids
(01:13 / Allies) miniraeace: np
(01:17 / Allies) irish2015: ghouls fiends frost
(02:38 / All) SKYBOT.D: call of duty is the best game ever
(02:49 / Allies) irish2015: halo
(02:58 / Allies) irish2015: pink
(03:01 / Allies) irish2015: help me?
(03:03 / All) Flamechamp: orange asked which one, he doesn't know how to ask in all chat
(03:04 / Allies) SKYBOT.D: red help me expo plz
(03:13 / All) balding: lol
(03:15 / All) Flamechamp: but it's ok, I can interpret for him
(03:24 / All) balding: thought it was a teammate
(04:13 / Allies) SKYBOT.D: can u guys help me get a shredder plz
(06:12 / Allies) irish2015: lets all git
(09:05 / Allies) SKYBOT.D: wood plz
(13:32 / Allies) Celebrieigil: wtf are we doin
(15:29 / Allies) irish2015: killed all the chims at least
(15:39 / Allies) irish2015: can i get wood
(15:51 / Allies) irish2015: ty
(17:10 / Allies) SKYBOT.D: coming hod on
(18:02 / Allies) irish2015: gold?
(19:38 / Allies) Celebrieigil: gold pls
(19:51 / Allies) Celebrieigil: 200
(20:08 / Allies) Celebrieigil: pls 200 gold
(20:27 / Allies) Celebrieigil: ty
(22:02 / All) Flamechamp: lmfao
(22:05 / All) Flamechamp: green is real good
(23:40 / All) irish2015: what wasa that yelow
(23:52 / All) Flamechamp: you're real fucking good lmao
(23:54 / All) Flamechamp: losing your whole base
(23:56 / All) Flamechamp: to 2 heroes
(23:57 / All) SKYBOT.D: lawl
(24:06 / All) irish2015: you lost the game
(24:10 / All) Flamechamp: you lost the game
(24:14 / All) Flamechamp: shut the fuck up and go choke on a potato
(24:22 / All) irish2015: get a job
(24:37 / All) irish2015: be productive to society
(27:09 / All) Flamechamp: I hate chasing wardens
(27:12 / All) Flamechamp: glad that one was for free
(28:37 / Allies) SKYBOT.D: reds afk
(28:40 / Allies) SKYBOT.D: what do we do
(28:47 / All) Flamechamp: enjoy just a hero, green
(30:47 / Allies) irish2015: just go kill him red
(31:55 / Allies) irish2015: damn pick
(31:59 / Allies) irish2015: pink
(32:00 / Allies) SKYBOT.D: ty
(32:02 / Allies) SKYBOT.D: yes
(32:03 / Allies) SKYBOT.D: ?
(32:07 / Allies) irish2015: 14 k gold
(32:09 / Allies) SKYBOT.D: getting gold for the grand finale
(32:11 / Allies) SKYBOT.D: this guy is a dick
(32:22 / Allies) irish2015: kill him
(32:35 / Allies) irish2015: go go go
(33:03 / All) SKYBOT.D: cyclone in the hosue
(34:33 / Allies) irish2015: just kill yellow
(35:51 / Allies) Celebrieigil: pink gold for hippos
(35:57 / Allies) SKYBOT.D: k
(35:58 / Allies) SKYBOT.D: how much
(36:05 / Allies) Celebrieigil: 2k
(36:10 / Allies) Celebrieigil: 1k
(37:34 / Allies) irish2015: gottta go guys
(37:45 / Allies) irish2015: pink you got 20 k
(37:48 / Allies) irish2015: use it lol
(37:49 / Allies) SKYBOT.D: lets
(37:51 / Allies) SKYBOT.D: hit yellow
(37:54 / Allies) SKYBOT.D: red?
(38:21 / Allies) miniraeace: \come
(38:46 / Allies) irish2015: pink
(38:49 / Allies) irish2015: what the fuck
(39:00 / Allies) irish2015: what are you doing
(39:03 / All) Flamechamp: you guys are really good
(39:03 / Allies) SKYBOT.D: get back
(39:05 / Allies) SKYBOT.D: need teal
(39:07 / All) SKYBOT.D: stfu
(39:08 / Allies) irish2015: jeses
(39:11 / Allies) SKYBOT.D: need teal
(39:17 / All) Flamechamp: noob fucking pink
(39:22 / All) Flamechamp: noob like the rest of your team
(39:39 / Allies) irish2015: you gotta go man
(39:40 / Allies) SKYBOT.D: expo teal
(39:47 / Allies) Celebrieigil: gold
(39:59 / Allies) SKYBOT.D: lets hit
(41:12 / Allies) irish2015: pink stop
(41:17 / Allies) irish2015: fight it
(41:19 / All) Flamechamp: I think that went better for me than it did for you
(41:28 / Allies) SKYBOT.D: teal backed off
(41:29 / Allies) irish2015: fuckoing gog
(41:29 / Allies) SKYBOT.D: tho
(41:33 / Allies) SKYBOT.D: wasnt sure what he was gonn ado
(41:35 / Allies) irish2015: dood seriously
(41:39 / Allies) irish2015: just go at him
(41:46 / Allies) irish2015: its 2 on 1 for gods sake
(41:53 / Allies) SKYBOT.D: come on teal
(41:58 / Allies) irish2015: pink
(42:18 / Allies) irish2015: pink dont ditch
(42:30 / Allies) SKYBOT.D: teal wtf
(42:32 / All) Flamechamp: nice heroes teal
(42:32 / Allies) irish2015: jesus christ
(42:35 / Allies) SKYBOT.D: he was rnning again
(42:48 / Allies) Celebrieigil: gold
(42:50 / Allies) SKYBOT.D: k
(42:56 / Allies) SKYBOT.D: how much
(43:01 / Allies) Celebrieigil: 2k
(43:03 / All) Flamechamp: nice mine, teal
(43:08 / Allies) SKYBOT.D: lots of towers
(43:19 / Allies) SKYBOT.D: raping his ass
(43:20 / Allies) irish2015: why
(43:25 / Allies) irish2015: that does nothing
(43:27 / Allies) irish2015: but hurt you
(43:30 / Allies) SKYBOT.D: no
(43:32 / Allies) SKYBOT.D: its not
(43:37 / Allies) SKYBOT.D: he cant touch my ass
(43:46 / Allies) SKYBOT.D: see?
(43:48 / All) Flamechamp: hack?
(43:54 / All) Flamechamp: couldn't use towers
(43:55 / All) SKYBOT.D: u know it
(43:57 / All) SKYBOT.D: biatch
(44:01 / All) SKYBOT.D: we got this shit wrapped up
(44:08 / Allies) Celebrieigil: lol
(44:21 / All) Flamechamp: fucking losers having to hack in a 13 year old game
(44:43 / All) irish2015: dont know how to do any of that shit
(45:00 / All) irish2015: pretty sad that we have to do that tho
(45:07 / All) SKYBOT.D: who
(45:13 / All) Flamechamp: you
(45:15 / All) Flamechamp: hacking piece of shit
(45:18 / All) Flamechamp: using tower stop hack
(45:27 / All) SKYBOT.D: u mad
(45:41 / Allies) SKYBOT.D: who wants
(45:42 / Allies) SKYBOT.D: gold
(45:43 / Allies) SKYBOT.D: again
(45:45 / Allies) Celebrieigil: me
(45:46 / Allies) irish2015: red
(45:51 / Allies) irish2015: give gold to red
(46:03 / Allies) miniraeace: t
(46:09 / Allies) SKYBOT.D: y not
(46:11 / Allies) SKYBOT.D: take some green
(46:14 / Allies) irish2015: im dead
(46:20 / Allies) SKYBOT.D: u got a base
(46:25 / Allies) irish2015: no i dont
(46:52 / Allies) irish2015: now teal is too
(47:11 / Allies) SKYBOT.D: wut should i attack first
(47:14 / Allies) SKYBOT.D: his expos or main
(47:22 / Allies) Celebrieigil: expos
(48:29 / Allies) SKYBOT.D: group up
(49:51 / All) Flamechamp: WOW
(49:53 / All) Flamechamp: lucky
(49:56 / All) SKYBOT.D: that is so lucky
(50:10 / All) miniraeace: map hack yellow
(50:11 / Allies) miniraeace: ...
(51:34 / All) Flamechamp: two can play at tower stop hack
(51:35 / All) Flamechamp: bitch
(52:22 / All) SKYBOT.D: cannot believe u won
(52:30 / All) Flamechamp: easy 1v4 when playing against scrubs
(54:07 / All) Flamechamp: LMAO
(54:40 / All) SKYBOT.D: cant kill a chief!
(55:20 / All) SKYBOT.D: i think we have a history with teal
(55:22 / All) Flamechamp: Anything to say for yourself, teal?
(55:25 / All) SKYBOT.D: i recogize nis name
(55:31 / All) Flamechamp: me too
(56:01 / All) Flamechamp: not sure they realised we were in it together at all
(56:05 / All) SKYBOT.D: u 1'v3 my team both games
(56:22 / All) Flamechamp: I'm a 4v4 RT pro, I can beat up low ELL players like they're nothing
(56:29 / All) Flamechamp: nice he made it easy on us
(56:56 / All) Flamechamp: your team gets the loss
(57:08 / All) SKYBOT.D: he was in ur gamek